 Dungeon Crawl Stone Soup version 0.30-a0-377-g5cb311bc9f (webtiles) character file.

Game seed: 7604397333915768080

47 greynaab the Changer (level 3, 0/23 HPs)
             Began as an Octopode Transmuter on Nov 30, 2022.
             Slain by a white imp (1 damage)
             ... summoned by Natasha
             ... on level 2 of the Dungeon.
             The game lasted 00:02:37 (1311 turns).

greynaab the Changer (Octopode Transmuter)          Turns: 1311, Time: 00:02:38

Health: 0/23       AC:  1    Str:  9    XL:     3   Next: 70%
Magic:  7/7        EV: 13    Int: 17    God:
Gold:   56         SH:  0    Dex: 12    Spells: 6/7 levels left

rFire   . . .      SeeInvis .      - Unarmed
rCold   . . .      Faith    .    (no shield)
rNeg    . . .      Spirit   .    (helmet restricted)
rPois   .          Reflect  .    (no amulet)
rElec   .          Harm     .    (no ring)
rCorr   .          Rampage  .    (no ring)
Will    .....                    (no ring)
Stlth   ++........               (no ring)
HPRegen 0.23/turn                (no ring)
MPRegen 0.10/turn                (no ring)
                                 (no ring)
                                 (no ring)

@: no status effects
A: almost no armour, amphibious, 8 rings, camouflage 1, gelatinous body 1,
(nimble swimmer 1), tentacles
a: no special abilities


You were on level 2 of the Dungeon.
You visited 1 branch of the dungeon, and saw 2 of its levels.

You collected 56 gold pieces.

Inventory:

Missiles
 d - a throwing net
Scrolls
 c - a scroll of identify {unknown}
 e - 2 scrolls of vulnerability {unknown}
 f - 2 scrolls of poison {unknown}
Potions
 a - a potion of lignification
 b - a potion of berserk rage {unknown}
 g - a potion of curing {unknown}


   Skills:
 - Level 1.0 Fighting
 - Level 2.0 Dodging
 - Level 3.0 Unarmed Combat
 - Level 2.8 Spellcasting
 + Level 3.2 Transmutations


You had 6 spell levels left.
You knew the following spells:

 Your Spells              Type           Power      Damage    Failure   Level
a - Beastly Appendage     Tmut           26%        N/A       4%          1

Your spell library contained the following spells:

 Spells                   Type           Power      Damage    Failure   Level
 Wereblood                Tmut           13%        N/A       7%          2
 Spider Form              Tmut/Pois      7%         N/A       26%         3
 Ice Form                 Ice/Tmut       7%         N/A       65%         4


Dungeon Overview and Level Annotations

Branches:
Dungeon (2/15) Zot: 10691

Altars:

Annotations:
D:2 Natasha


Innate Abilities, Weirdness & Mutations

You cannot wear most types of armour.
You are amphibious.
You can wear up to eight rings at the same time.
Your skin changes colour to match your surroundings (Stealth+).
Your rubbery body absorbs attacks. (AC +1, EV +1)
((You are camouflaged when in or above water. (Stealth+)))
You have tentacles for arms and can constrict up to eight enemies at once.


Message History

You tentacle-slap the worm.
You pierce the worm, but do no damage.
The worm is moderately wounded.
You constrict the worm. The jackal misses you.
The frilled lizard barely misses you. The jackal barely misses you.
The jackal bites you.
You tentacle-slap the worm.
The worm is heavily wounded.
You constrict the worm. The jackal barely misses you. The jackal misses you.
The worm barely misses you. The frilled lizard misses you.
You tentacle-slap the worm. You squeeze the worm, but do no damage.
The worm is severely wounded.
You constrict the worm. The jackal closely misses you. The jackal bites you.
Natasha casts a spell.
The frilled lizard bites you. The jackal misses you. The worm bites you!
You are too injured to fight recklessly!
You are too injured to fight recklessly!
Unknown command.
You tentacle-slap the worm but do no damage.
You pierce the worm, but do no damage.
The worm is severely wounded.
You constrict the worm. The jackal bites you.
* * * LOW HITPOINT WARNING * * *
The white imp barely misses you. The jackal completely misses you.
The frilled lizard bites you.
* * * LOW HITPOINT WARNING * * *
The jackal bites you.
* * * LOW HITPOINT WARNING * * *
You tentacle-slap the worm.
The worm is almost dead.
Your tentacle spike disappears.
You constrict the worm.
You kill the worm!
The white imp completely misses you. The jackal bites you.
* * * LOW HITPOINT WARNING * * *
The jackal bites you.
* * * LOW HITPOINT WARNING * * *
The frilled lizard closely misses you. The jackal attacks as you move away!
The jackal closely misses you. The jackal misses you.
The crimson imp blinks!
The white imp hits you.
You die...

...#.###.#.# #........
...#.#.#.#.# #........
...#...#.#.#####........
...###.###.# ...........
...###.# #.# ..........
.......# #.# §h.......
##########.#####l†......
.............hh......
#######......@5#....#
########.# ..# .# # .#
.# .# .# .#


You could see Natasha, a white imp (summoned), 2 jackals and a frilled lizard.

Vanquished Creatures
  A gnoll (D:1)
  A worm (D:2)
  A dart slug (D:2)
  3 endoplasms
  A giant cockroach (D:2)
  4 goblins
  2 hobgoblins (D:1)
  5 jackals
  A kobold (D:1)
  2 ball pythons (D:1)
  4 bats
  A frilled lizard (D:1)
  5 rats (D:1)
31 creatures vanquished.

Notes
Turn   | Place    | Note
-------+----------+-------------------------------------------
     0 | D:1      | greynaab the Octopode Transmuter began the quest for the
                  | Orb.
     0 | D:1      | Reached XP level 1. HP: 13/13 MP: 3/3
   224 | D:1      | Reached XP level 2. HP: 18/18 MP: 3/5
   894 | D:1      | Reached XP level 3. HP: 4/23 MP: 5/7
  1058 | D:2      | Noticed Natasha
  1311 | D:2      | Slain by a white imp

Illustrated notes

Levels and vault maps discovered:
D:1:      minmay_arrival_widening_spiral_wide, layout_loops_ring,
          chequers_mini_garden
D:2:      layout_basic, uniq_jessica, uniq_natasha

Skill      XL: |  1  2  3 |
---------------+----------+-----
Transmutations | 3 |  3.2
Fighting       | |  1.0
Dodging        | |  2.0
Unarmed Combat | |  3.0
Spellcasting   | |  2.8

Action                   || total
-------------------------++-------
Melee: Unarmed           ||    70
       Kick              ||    17
       Constrict         ||    13
       Tentacles         ||    13
       Punch             ||     1
 Cast: Beastly Appendage ||    19
 Stab: Sleeping          ||     6
Armor: Skin              ||     9
Dodge: Dodged            ||    54

Table legend: (Time is in decaauts)
 A = Elapsed time spent in this place.
 B = Non-inter-level travel time spent in this place.
 C = Inter-level travel time spent in this place.
 D = Time resting spent in this place.
 E = Time spent auto-exploring this place.
 F = Levels seen in this place.
 G = Mean time per level.
                   A        B        C        D        E       F      G
               +--------+--------+--------+--------+--------+-----+--------+
         Total |   1307 |   1272 |     35 |    107 |    928 |   2 |  653.5 |
       Dungeon |   1307 |   1272 |     35 |    107 |    928 |   2 |  653.5 |
               +--------+--------+--------+--------+--------+-----+--------+

Top non-repeatable levels by time:
     D:1: 1037 daAuts
     D:2: 269 daAuts
